 Dungeon Crawl Stone Soup version 0.13.1-27-ga479965 (console) character file.

359 Jezuz the Ducker (level 6, -1/43 HPs)
             Began as a Felid Berserker on Jan 30, 2014.
             Was a Believer of Trog.
             Slain by a wight
             ... wielding a +0,+0 orcish trident
              (5 damage)
             ... on Level 7 of the Dungeon.
             The game lasted 00:04:59 (578 turns).

Jezuz the Ducker (Felid Berserker)                   Turns: 578, Time: 00:05:00

HP  -1/43        AC  2     Str 18      XL: 6   Next: 26%
MP   9/9         EV 21     Int  8      God: Trog [**....]
Gold 27          SH  0     Dex 18      Spells:  0 memorised,  5 levels left
Lives: 0, deaths: 1

Res.Fire  : . . .   See Invis. : +     - Unarmed
Res.Cold  : . . .   Warding    : .   (armour unavailable)
Life Prot.: . . .   Conserve   : .   (shield unavailable)
Res.Poison: .       Res.Corr.  : .   (helmet unavailable)
Res.Elec. : .       Clarity    : .   (cloak unavailable)
Sust.Abil.: . .     Spirit.Shd : .   (gloves unavailable)
Res.Mut.  : .       Stasis     : .   (boots unavailable)
Res.Rott. : .       Flight     : .   (no amulet)
Saprovore : . . .                    (no ring)
                                     (no ring)

@: berserking (expiring), drained, very quick, somewhat resistant to hostile
enchantments, extremely unstealthy
A: paw claws, no armour, no advanced items, fangs 3, see invisible, carnivore 3,
speed 1, slow metabolism 1, AC +2
a: Burn Spellbooks, Berserk, Trog's Hand, Renounce Religion


You were on level 7 of the Dungeon.
You worshipped Trog.
Trog was pleased with you.
You were not hungry.

You visited 1 branch of the dungeon, and saw 7 of its levels.

You collected 32 gold pieces.
You spent 25 gold pieces at shops.

Inventory:

Comestibles
 c - a meat ration
Scrolls
 b - a scroll of identify {unknown}
 d - a scroll of curse jewellery {unknown}
 i - a scroll of random uselessness {unknown}
Jewellery
 e - an uncursed ring of sustenance {unknown}
 h - an uncursed amulet of resist corrosion {unknown}
Potions
 a - 3 potions of curing
 f - a potion of heal wounds {unknown}
 g - a potion of agility {unknown}


   Skills:
 + Level 4.4(4.0) Fighting
 + Level 5.9(5.5) Dodging
 * Level 5.6(5.2) Unarmed Combat


You had 5 spell levels left.
You didn't know any spells.

Dungeon Overview and Level Annotations

Branches:
Dungeon (7/27)
 Temple: D:4-7          Orc: D:6-11

Altars:

Shops:
D:4 *


Innate Abilities, Weirdness & Mutations

You cannot wear armour.
You are incapable of any advanced item manipulation.
Your paws have sharp claws.
You have razor-sharp teeth.
You have supernaturally acute eyesight.
You are carnivorous and can eat meat at any time.
You cover ground quickly.
You are covered in thick fur (AC +2).
You have a slow metabolism.


Message History

The puff of frost hits you!
* * * LOW HITPOINT WARNING * * *
The wight barely misses you.
You closely miss the orc wizard.
The orc wizard becomes somewhat translucent.
The wight misses you. The wight completely misses you.
You barely miss the orc wizard. Your bite misses the orc wizard.
The orc wizard gestures at you while chanting.
The puff of frost misses you. The wight hits you with a hand axe!
* * * LOW HITPOINT WARNING * * *
You feel drained.
* * * LOW HITPOINT WARNING * * *
You claw the orc wizard!
The orc wizard begins to bleed from its wounds!
The orc wizard is severely wounded.
Your skin stops crawling.
You feel less resistant to hostile enchantments.
The orc wizard misses you.
The wight hits you with an orcish trident.
You die...

... ...... .......
.......#
........### ####
..........###....#
..............>..#
.......o).........#
......wz@.).....$#
.......zz##......#
........######...#
....##### .# ... .


You could see a worm, an orc wizard (bleeding) and 3 wights.

Vanquished Creatures
  A phantom (D:5)
  A centaur (D:5)
  A wight (D:7)
  An orc priest (D:7)
  A jelly (D:6)
  2 orc wizards (D:4)
  2 adders
  A worm (D:4)
  4 orcs
  A ball python (D:2)
  2 bats
  A giant cockroach (D:2)
  A hobgoblin (D:4)
  2 jackals (D:1)
  A quokka (D:2)
  A giant newt (D:1)
  3 goblins
26 creatures vanquished.

Notes
Turn   | Place    | Note
--------------------------------------------------------------
     0 | D:1      | Jezuz, the Felid Berserker, began the quest for the Orb.
     0 | D:1      | Reached XP level 1. HP: 10/10 MP: 1/1
    90 | D:2      | Reached XP level 2. HP: 5/14 MP: 2/2
   201 | D:4      | Reached XP level 3. HP: 18/18 MP: 4/4
   203 | D:4      | Reached XP level 4. HP: 20/21 MP: 6/6
   255 | D:4      | Slain by a hound
   256 | D:4      | Reached XP level 3. HP: 0/18 MP: 4/4
   280 | D:4      | Acquired Trog's second power
   292 | D:4      | Found Anoy's Assorted Antiques.
   297 | D:4      | Bought a black potion for 25 gold pieces
   354 | D:5      | Entered Level 5 of the Dungeon
   384 | D:5      | Noticed a centaur
   395 | D:5      | Noticed a phantom
   395 | D:5      | Killed a centaur
   395 | D:5      | Reached skill level 5 in Dodging
   395 | D:5      | Reached XP level 4. HP: 12/21 MP: 6/6
   435 | D:6      | Reached XP level 5. HP: 15/25 MP: 7/7
   497 | D:5      | Killed a phantom
   497 | D:5      | Reached skill level 5 in Unarmed Combat
   567 | D:7      | Gained mutation: You are covered in thick fur (AC +2). [growing up]
   567 | D:7      | Reached XP level 6. HP: 29/29 MP: 9/9
   578 | D:7      | Slain by a wight

Action                   |  1- 3 |  4- 6 || total
-------------------------+-------+-------++-------
Melee: Unarmed           |    40 |    86 ||   126
Invok: Berserk           |     3 |     1 ||     4
       Trog's Hand       |       |     4 ||     4
  Use: Potion            |     1 |       ||     1
 Stab: Sleeping          |     2 |       ||     2
